 Dungeon Crawl Stone Soup version 0.16.1-51-g6203257 (webtiles) character file.

39 Redwan the Magician (level 3, 0/19 HPs)
             Began as a Deep Elf Ice Elementalist on July 23, 2015.
             Killed from afar by Blork the orc (7 damage)
             ... with a puff of frost
             ... on level 5 of the Dungeon on July 25, 2015.
             The game lasted 00:04:39 (1416 turns).

Redwan the Magician (Deep Elf Ice Elementalist)     Turns: 1416, Time: 00:04:39

Health: 0/19       AC:  4    Str:  6    XL:     3   Next: 26%
Magic:  1/12       EV: 13    Int: 19    God:
Gold:   136        SH:  0    Dex: 15    Spells: 2 memorised, 7 levels left

rFire  . . .     SeeInvis .     j - +0 dagger
rCold  . . .     Clarity  .     a - +0 robe
rNeg   . . .     SustAb   .     (no shield)
rPois  .         Gourm    .     f - +0 helmet
rElec  .         Spirit   .     (no cloak)
rCorr  .         Warding  .     i - +0 pair of gloves
rMut   .         Stasis   .     (no boots)
MR     .....                    (no amulet)
Stlth  +.........               (no ring)
                                h - ring of loudness (curse)

@: very slightly contaminated, not resistant to hostile enchantments, very
unstealthy
A: no striking features
a: no special abilities


You were on level 5 of the Dungeon.
You were not hungry.

You visited 1 branch of the dungeon, and saw 4 of its levels.

You collected 136 gold pieces.

Inventory:

Hand weapons
 j - a +0 dagger (weapon)
Armour
 a - a +0 robe (worn)
 f - a +0 helmet (worn)
 i - a +0 pair of gloves (worn)
Jewellery
 h - a cursed ring of loudness (left hand)
Magical devices
 s - a wand of polymorph (7)
Scrolls
 m - 2 scrolls of identify {unknown}
 n - a scroll of teleportation {unknown}
 q - a scroll of remove curse {unknown}
 t - a scroll of recharging {unknown}
 u - a scroll of amnesia {unknown}
Potions
 d - a potion of brilliance {unknown}
 e - a potion of haste {unknown}
 g - a potion of agility {unknown}
 k - 2 potions of curing {unknown}
 l - a potion of restore abilities {unknown}
 v - a potion of poison {unknown}
Books
 b - a book of Frost

   Spells                             Type                      Level
   a - Freeze                         Ice                          1
   b - Throw Frost                    Conjuration/Ice              2
   c - Ozocubu's Armour               Charms/Ice                   3
   d - Throw Icicle                   Conjuration/Ice              4
   e - Summon Ice Beast               Ice/Summoning                4
   f - Condensation Shield            Ice                          4
Comestibles
 c - 2 bread rations
 o - 2 fruits
 p - a meat ration
 r - a beef jerky


   Skills:
 + Level 2.4 Dodging
 + Level 2.7 Stealth
 + Level 4.2 Spellcasting
 + Level 1.1 Conjurations
 + Level 4.0 Ice Magic


You had 7 spell levels left.
You knew the following spells:

 Your Spells              Type           Power        Failure   Level  Hunger
a - Freeze                Ice            ###.         2%          1    None
b - Throw Frost           Conj/Ice       ##....       10%         2    #......


Dungeon Overview and Level Annotations

Branches:
Dungeon (5/15)
 Temple: D:4-7

Altars:

Annotations:
D:5 Blork the orc


Message History

The puff of frost hits Blork the orc.
Blork the orc is heavily wounded.
Blork the orc glows brightly for a moment.
Casting: Throw Frost
Confirm with . or Enter, or press ? or * to list all spells.
Aiming: Throw Frost
Press: ? - help, Shift-Dir - straight line, f/p - Blork the orc
Aim: Blork the orc, wielding a long sword and wearing a robe (heavily wounded)
The puff of frost misses Blork the orc.
You are starving!
Eat which item? (? for menu, Esc to quit)
Blork the orc mumbles some strange words.
Blork the orc seems to speed up.
You continue eating. x2
Blork the orc hits you with a long sword.
Blork the orc barely misses you.
You finish eating.
That bread ration really hit the spot!
Blork the orc casts a spell at you. The puff of frost hits you!
You die...

# ... ..##
......##..#
....... #..#
........ #..#
#.....(.. #..#
#.......# #..#
#.....# #..#
#....# #.@#
#...<###..#
##...##..o####.
#................
##..............
#...............
..................
#...............b
####.###....%...


You could see Blork the orc.

Vanquished Creatures
  A giant mite (D:2)
  2 orcs (D:4)
  3 hobgoblins
  2 jackals (D:1)
  5 kobolds
  4 quokkas
  4 bats
  A giant newt (D:2)
  2 goblins
  5 rats
29 creatures vanquished.

Notes
Turn   | Place    | Note
--------------------------------------------------------------
     0 | D:1      | Redwan, the Deep Elf Ice Elementalist, began the quest for the Orb.
     0 | D:1      | Reached XP level 1. HP: 10/10 MP: 5/5
   381 | D:1      | Reached XP level 2. HP: 13/15 MP: 4/8
   425 | D:1      | Learned a level 2 spell: Throw Frost
   862 | D:2      | Reached skill level 4 in Spellcasting
   862 | D:2      | Reached XP level 3. HP: 19/19 MP: 1/12
  1083 | D:2      | You fall through a shaft for 2 floors!
  1104 | D:4      | Noticed a giant frog
  1107 | D:5      | Entered Level 5 of the Dungeon
  1405 | D:5      | Noticed Blork the orc
  1416 | D:5      | Killed from afar by Blork the orc

Action                   || total
-------------------------++-------
Melee: Unarmed           ||     5
       Dagger            ||     4
 Cast: Freeze            ||    29
       Throw Frost       ||    23
  Eat: Bread ration      ||     1
